 Dungeon Crawl Stone Soup version 0.25-a0-842-g81a31cfd23 (webtiles) character file.

Game seed: 3992606415700457613, levelgen mode: deterministic

169 Nixze the Chiller (level 5, -1/35 HPs)
             Began as a Demonspawn Ice Elementalist on Apr 25, 2020.
             Slain by a wight
             ... wielding a +2 falchion of freezing
              (6 damage)
             ... on level 1 of the Dungeon.
             The game lasted 00:11:12 (2539 turns).

Nixze the Chiller (Demonspawn Ice Elementalist)     Turns: 2539, Time: 00:11:12

Health: -1/35      AC:  2    Str:  9    XL:     5   Next: 25%
Magic:  5/8        EV: 11    Int: 20    God:
Gold:   143        SH:  0    Dex: 13    Spells: 4/8 levels left

rFire    . . .     SeeInvis .   s - +1 spear (freeze)
rCold    + . .     Gourm    .   (no shield)
rNeg     . . .     Faith    .   a - +0 robe
rPois    .         Spirit   .   (no helmet)
rElec    .         Reflect  .   (no cloak)
rCorr    .         Harm     .   (no gloves)
MR       .....                  (no boots)
Stlth    ++........             (no amulet)
HPRegen  0.11/turn              d - ring of protection from cold
MPRegen  0.11/turn              n - +3 ring of intelligence

@: frozen ramparts, drained
A: powered by death 2, powered by pain 2
a: no special abilities


You were on level 1 of the Dungeon.
You were very hungry.

You visited 1 branch of the dungeon, and saw 3 of its levels.

You collected 143 gold pieces.

Inventory:

Hand Weapons
 i - a +2 mace of protection
 s - a +1 spear of freezing (weapon)
Missiles
 f - 52 stones (quivered)
 l - 11 poisoned darts
Armour
 a - a +0 robe (worn)
 k - a +1 helmet
Magical Staves
 u - an uncursed staff of poison
Jewellery
 d - a ring of protection from cold (left hand)
 n - a +3 ring of intelligence (right hand)
 o - an uncursed ring of stealth
Scrolls
 b - 7 scrolls of identify {unknown}
 m - 2 scrolls of teleportation {unknown}
 p - a scroll of enchant armour {unknown}
 r - a scroll of magic mapping {unknown}
Potions
 e - a potion of resistance {unknown}
 h - a potion of mutation {unknown}
 j - a potion of brilliance {unknown}
 q - a potion of flight {unknown}
 t - a potion of stabbing {unknown}
Comestibles
 c - 6 rations


   Skills:
 + Level 0.0 Fighting
 + Level 0.0 Polearms
 + Level 1.7(0.7) Dodging
 - Level 1.7(0.7) Stealth
 + Level 2.0(1.0) Spellcasting
 + Level 6.0(4.8) Ice Magic


You had 4 spell levels left.
You knew the following spells:

 Your Spells              Type           Power        Failure   Level  Hunger
a - Freeze                Ice            ###.         2%          1    ##.....
b - Frozen Ramparts       Ice            ###...       7%          3    ####...

Your spell library contained the following spells:

 Spells                   Type           Power        Failure   Level  Hunger
 Ozocubu's Armour         Chrm/Ice       ##......     19%         3    ####...
 Hailstorm                Conj/Ice       ##......     54%         4    #####..
 Summon Ice Beast         Ice/Summ       ##......     54%         4    #####..


Dungeon Overview and Level Annotations

Branches:
Dungeon (3/15)

Altars:
The Shining One


Innate Abilities, Weirdness & Mutations

You regenerate health from kills.
You sometimes gain power by taking damage.


Message History

The wight resists.
The wall freezes the wight.
The wight resists.
The wall freezes the wight.
The wight misses you.
Casting: Frozen Ramparts (mildly dangerous; 6% risk of failure)
Confirm with . or Enter, or press ? or * to list all spells.
Okay, then.
Unknown command.
Unknown command.
You hit the wight but do no damage.
The wight is severely damaged.
The wight completely resists.
The wall freezes the wight but do no damage.
The wight hits you with a +2 falchion of freezing.
* * * LOW HITPOINT WARNING * * *
You feel drained.
* * * LOW HITPOINT WARNING * * *
You barely miss the wight.
The wight is severely damaged.
The wight resists.
The wall freezes the wight.
The wight hits you with a +2 falchion of freezing.
You die...

#####...####.######.#.##..>..#.##
.............# #.#.##.....#.##
.............# #.#........#†..
.............# #.####.....####
.####...###### #.# #.....# .#
#...# #########.# ####### ##
#...# #......##.# #...#
#.####.z..# ###...###.####@####
#............#.# ##########
#....>..#.##.#.# ##...#>)...
###..####.#.##.#.######.......###
.....>........................#..
#.#....##.####..#######......÷..#
#.#..####.# #..# ##...#..###
..#.......####..# #####.....
..##............# #.....


You could see a wight.

Vanquished Creatures
  An orc priest (D:3)
  2 adders (D:2)
  4 gnolls (D:2)
  An ooze (D:3)
  2 worms (D:2)
  A dart slug (D:1)
  A leopard gecko (D:1)
  9 orcs (D:3)
  3 giant cockroaches
  10 goblins
  7 hobgoblins
  2 jackals (D:2)
  4 kobolds
  5 bats
  3 frilled lizards
  7 rats
62 creatures vanquished.

Notes
Turn   | Place    | Note
-------+----------+-------------------------------------------
     0 | D:1      | Nixze the Demonspawn Ice Elementalist began the quest for
                  | the Orb.
     0 | D:1      | Reached XP level 1. HP: 13/13 MP: 3/3
   168 | D:1      | Reached skill level 4 in Ice Magic
   250 | D:1      | Gained mutation: You sometimes gain a little power by
                  | taking damage. [demonic ancestry]
   250 | D:1      | Reached XP level 2. HP: 19/19 MP: 3/5
  1255 | D:2      | Gained mutation: You regenerate a little health from kills.
                  | [demonic ancestry]
  1255 | D:2      | Reached XP level 3. HP: 24/24 MP: 2/6
  1260 | D:2      | Learned a level 3 spell: Frozen Ramparts
  1577 | D:2      | Reached skill level 5 in Ice Magic
  1578 | D:2      | Gained mutation: You regenerate health from kills. [demonic
                  | ancestry]
  1578 | D:2      | Reached XP level 4. HP: 27/30 MP: 0/7
  1920 | D:2      | Found a glowing golden altar of the Shining One.
  2261 | D:3      | Gained mutation: You sometimes gain power by taking damage.
                  | [demonic ancestry]
  2261 | D:3      | Reached XP level 5. HP: 35/35 MP: 2/8
  2276 | D:3      | Reached skill level 6 in Ice Magic
  2539 | D:1      | Slain by a wight

Levels and vault maps discovered:
D:1:      heliophobic_arrival_enchanted_forest, layout_loops_cross
D:2:      layout_rooms, nicolae_tso_carved_into_rock, first_ration
D:3:      layout_basic

Skill      XL: |  1  2  3  4  5 |
---------------+----------------+-----
Ice Magic      | 4 5 6 |  6.0
Dodging        | |  1.7
Stealth        | |  1.7
Spellcasting   | |  2.0

Action                   |  1- 3 |  4- 6 || total
-------------------------+-------+-------++-------
Melee: Unarmed           |     4 |       ||     4
       Mace              |     6 |     1 ||     7
       Spear             |       |    42 ||    42
Throw: Stone             |    55 |    33 ||    88
       Dart              |     1 |       ||     1
 Cast: Freeze            |    39 |    26 ||    65
       Frozen Ramparts   |     4 |     9 ||    13
 Stab: Sleeping          |     1 |       ||     1
  Eat: Chunk             |     3 |     3 ||     6
Armor: Robe              |     5 |    12 ||    17
Dodge: Dodged            |    27 |    35 ||    62

Table legend:
 A = Non-vault XP
 B = Vault XP
 C = Vault XP percentage of total XP
 D = Non-vault monster count
 E = Vault monster count
 F = Vault count percentage of total count
                 A         B        C        D         E       F
            +---------+---------+-------+---------+---------+-------
      Total |     242 |       0 |   0.0 |      62 |       0 |   0.0
            +---------+---------+-------+---------+---------+-------
        D:1 |      32 |       0 |   0.0 |      19 |       0 |   0.0
        D:2 |     125 |       0 |   0.0 |      26 |       0 |   0.0
        D:3 |      85 |       0 |   0.0 |      17 |       0 |   0.0
            +---------+---------+-------+---------+---------+-------
